Penguins vs Oilers
Created - May 13, 2025 at 19:24
Goals
|
| Penguins |
1 |
0 |
0 |
1 |
| Oilers |
1 |
1 |
1 |
3 |
|
Shots
|
| Penguins |
9 |
10 |
5 |
24 |
| Oilers |
11 |
11 |
6 |
28 |
|
1st period
1. Oilers , Connor McDavid 25 (David Pastrnak 39, Jamie McBain 37) at 16:39 (PP)
2. Penguins , Jakub Voracek 32 (Oscar Klefbom 34, Sebastian Aho 35) at 18:57
Penalties :
Kirill Kaprizov (Pit) for Tripping (Minor) at 15:18
2nd period
3. Oilers , Jamie Benn 17 (David Pastrnak 40, Brandon Montour 10) at 10:26
Penalties :
Leon Draisaitl (Edm) for Holding (Minor) at 11:21
3rd period
4. Oilers , Leon Draisaitl 37 (Connor McDavid 50, Nikita Kucherov 43) at 19:52 (Empty Net)
Penalties :
Marco Scandella (Edm) for Tripping (Minor) at 16:26, Brandon Tanev (Pit) for Roughing (Minor) at 19:55
Goalie Stats
Jeremy Swayman (Pit), 25 saves from 27 shots - (0.926), L, 25-13-8, 58:53 minutes
Alexandar Georgiev (Edm), 23 saves from 24 shots - (0.958), W, 33-21-7, 60:00 minutes
Players Stats for Penguins
Player Name G A P +/- PIM S H SB GA TA FO MP PP MP PK MP
------------------------------------------------------------------------------------
Adam Fox 0 0 0 -1 0 0 1 3 0 1 0/0 26:24 2:17 0:36
Brandon Tanev 0 0 0 0 2 1 0 0 0 0 0/0 11:22 0:00 0:45
Brock Nelson 0 0 0 0 0 1 0 0 0 1 0/1 12:11 0:12 0:11
Gavin Bayreuther 0 0 0 0 0 1 1 0 0 1 0/0 12:44 0:00 0:00
Jakub Voracek 1 0 1 0 0 3 0 2 2 1 0/0 18:50 1:40 0:00
John Tavares 0 0 0 -2 0 4 1 0 0 0 16/30 24:16 2:06 0:28
Keith Aulie 0 0 0 0 0 1 1 2 0 0 0/0 21:01 1:41 0:49
Kirill Kaprizov 0 0 0 -2 2 3 3 0 0 0 2/2 19:56 2:16 0:00
Marcus Foligno 0 0 0 0 0 0 2 0 1 0 0/0 12:40 0:02 0:50
Mark Scheifele 0 0 0 -1 0 5 1 1 1 0 0/0 19:19 2:16 0:00
Mathew Barzal 0 0 0 0 0 2 0 0 0 0 0/0 11:16 0:02 0:00
Max Reinhart 0 0 0 0 0 0 0 2 0 0 2/3 5:37 0:00 0:36
Nick Blankenburg 0 0 0 0 0 0 1 1 0 0 0/0 12:55 0:00 0:00
Nick Leddy 0 0 0 0 0 0 0 0 1 0 0/0 20:39 1:41 0:36
Oscar Klefbom 0 1 1 -1 0 0 0 2 0 0 0/0 26:42 2:17 0:49
Pavel Zacha 0 0 0 1 0 0 0 0 0 0 0/0 17:49 1:40 0:00
Sam Gagner 0 0 0 0 0 2 0 0 0 0 5/8 14:42 0:43 0:00
Sebastian Aho 0 1 1 1 0 1 1 0 0 0 6/12 10:09 0:57 0:00
Players Stats for Oilers
Player Name G A P +/- PIM S H SB GA TA FO MP PP MP PK MP
------------------------------------------------------------------------------------
Andrew Mangiapane 0 0 0 0 0 1 2 0 0 1 0/0 12:24 0:00 0:00
Anton Slepyshev 0 0 0 0 0 2 1 0 0 0 0/1 10:12 0:00 1:07
Brandon Montour 0 1 1 1 0 0 3 0 0 1 0/0 21:14 0:00 0:53
Brent Burns 0 0 0 1 0 0 1 2 1 1 0/0 21:05 0:36 2:17
Brett Lernout 0 0 0 0 0 0 2 0 0 0 0/0 12:45 0:00 0:00
Christian Fischer 0 0 0 0 0 3 0 0 0 0 0/0 9:05 0:00 0:00
Connor McDavid 1 1 2 2 0 3 2 0 1 0 11/19 17:44 0:44 1:00
David Pastrnak 0 2 2 1 0 1 2 0 0 0 0/0 15:51 0:44 0:00
Frederik Gauthier 0 0 0 -1 0 0 4 0 0 0 7/17 18:38 0:41 0:49
Jamie Benn 1 0 1 1 0 3 3 0 0 0 0/1 16:44 0:00 1:36
Jamie McBain 0 1 1 0 0 0 0 0 0 1 0/0 24:35 0:49 2:17
Jason Robertson 0 0 0 0 0 3 2 0 0 0 0/0 13:37 0:44 0:06
Leon Draisaitl 1 0 1 0 2 2 4 2 1 0 0/0 19:49 0:41 1:09
Marco Scandella 0 0 0 1 2 2 2 3 0 0 0/0 21:42 0:36 0:48
Marcus Pettersson 0 0 0 -1 0 3 1 0 1 0 0/0 18:39 0:49 1:41
Nikita Kucherov 0 1 1 0 0 1 3 0 0 0 0/1 18:18 0:41 0:00
Noel Acciari 0 0 0 0 0 3 1 0 0 1 1/5 9:05 0:00 0:00
Tyler Johnson 0 0 0 0 0 1 1 0 0 0 6/12 14:33 0:00 2:09
3 Stars
1 - Connor McDavid (Edm)
2 - Jamie Benn (Edm)
3 - David Pastrnak (Edm)
Power Play
Penguins - 0 on 2 Attempt(s) - 0.00%
Oilers - 1 on 3 Attempt(s) - 33.33%
Penalty Kill
Penguins - 2 on 3 Attempt(s) - 66.67%
- Score 0 goal in Penalty Kill
Oilers - 2 on 2 Attempt(s) - 100.00%
- Score 0 goal in Penalty Kill
Team Stat
Penguins - Hits : 12 - Faceoff Wins : 31 - Blocked Shots : 13 - Penalty Minutes : 4
Oilers - Hits : 34 - Faceoff Wins : 25 - Blocked Shots : 7 - Penalty Minutes : 4
Official
Referees : Dean Morton and Kevin Pollock
Linesman : Travis Toomey and Greg Devorski
Game Notes
Max Reinhart is injured at 10:10 of 2nd period (Right Foot)
11:13 of 2nd period - Penalty Shot by Adam Fox for Penguins - Stopped by Alexandar Georgiev
Sebastian Aho is injured at 17:07 of 2nd period (Strained Right Elbow)
Leon Draisaitl has scored in a empty net!
Finance
Level 1 -- Attendance: 6000 (100.00%) -- Ticket Income $600,000
Level 2 -- Attendance: 4586 (91.72%) -- Ticket Income $321,020
Level 3 -- Attendance: 2000 (100.00%) -- Ticket Income $80,000
Level 4 -- Attendance: 3833 (95.83%) -- Ticket Income $114,990
Luxury Box -- Attendance: 935 (93.50%) -- Ticket Income $187,000
Game was played at the Rodgers Place.
Total Attendance: 17354 (96.41%)
Total Ticket Income: $1,303,010
Other Income: $195,452
Total Income: $1,498,462
Penguins
5 vs 5 Forward
Center Left Wing Right Wing Time % Phy DF OF
1 John Tavares Kirill Kaprizov Mark Scheifele 40 1 2 2
2 Sebastian Aho Pavel Zacha Jakub Voracek 30 1 2 2
3 Sam Gagner Marcus Foligno Brandon Tanev 20 1 2 2
4 Max Reinhart Brock Nelson Mathew Barzal 10 1 2 2
5 vs 5 Defense
Defense Defense Time % Phy DF OF
1 Oscar Klefbom Adam Fox 45 1 2 2
2 Keith Aulie Nick Leddy 35 1 2 2
3 Gavin Bayreuther Nick Blankenburg 20 1 2 2
4 Oscar Klefbom Keith Aulie 0 1 2 2
PowerPlay Forward
Center Left Wing Right Wing Time % Phy DF OF
1 John Tavares Kirill Kaprizov Mark Scheifele 60 0 2 3
2 Sebastian Aho Pavel Zacha Jakub Voracek 40 0 2 3
PowerPlay Defense
Defense Defense Time % Phy DF OF
1 Oscar Klefbom Adam Fox 60 0 2 3
2 Keith Aulie Nick Leddy 40 0 2 3
Penalty Kill 4 Players Forward
Center Wing Time % Phy DF OF
1 Max Reinhart Marcus Foligno 60 1 3 1
2 John Tavares Brandon Tanev 40 1 3 1
Penalty Kill 4 Players Defense
Defense Defense Time % Phy DF OF
1 Oscar Klefbom Keith Aulie 60 1 3 1
2 Adam Fox Nick Leddy 40 1 3 1
Penalty Kill - 3 Players Forward
Forward Time % Phy DF OF
1 Max Reinhart 60 1 3 1
2 John Tavares 40 1 3 1
Penalty Kill - 3 Players Defense
Defense Defense Time % Phy DF OF
1 Oscar Klefbom Keith Aulie 60 1 3 1
2 Adam Fox Nick Leddy 40 1 3 1
4 vs 4 Forward
Center Wing Time % Phy DF OF
1 John Tavares Jakub Voracek 60 1 2 2
2 Sebastian Aho Mark Scheifele 40 1 2 2
4 vs 4 Defense
Defense Defense Time % Phy DF OF
1 Oscar Klefbom Adam Fox 60 1 2 2
2 Keith Aulie Nick Leddy 40 1 2 2
Last Minutes Offensive
Center Left Wing Right Wing Defense Defense
John Tavares Kirill Kaprizov Jakub Voracek Oscar Klefbom Adam Fox
Last Minutes Defensive
Center Left Wing Right Wing Defense Defense
John Tavares Marcus Foligno Mark Scheifele Oscar Klefbom Keith Aulie
Goaltenders
Starting : Jeremy Swayman
Backup : Ondrej Pavelec
Extra Forwards
Normal : John Tavares, Sebastian Aho, Sam Gagner - PP : John Tavares, Sebastian Aho - PK : Brandon Tanev
Extra Defensemen
Normal : Oscar Klefbom, Keith Aulie, Nick Blankenburg - PP : Adam Fox - PK : Oscar Klefbom, Adam Fox
Penalty Shots
John Tavares, Mark Scheifele, Pavel Zacha, Sebastian Aho, Kirill Kaprizov
Custom OT Lines Forwards
John Tavares, Mark Scheifele, Jakub Voracek, Pavel Zacha, Sebastian Aho, Kirill Kaprizov, Sam Gagner, Mathew Barzal, Marcus Foligno, Brandon Tanev
Custom OT Lines Defensemen
Oscar Klefbom, Adam Fox, Keith Aulie, Nick Leddy, Gavin Bayreuther
Scratches
Colin Wilson (Healthy)
Oilers
5 vs 5 Forward
Center Left Wing Right Wing Time % Phy DF OF
1 Frederik Gauthier Leon Draisaitl Nikita Kucherov 35 1 2 2
2 Connor McDavid Jamie Benn David Pastrnak 30 1 2 2
3 Tyler Johnson Jason Robertson Andrew Mangiapane 25 1 2 2
4 Noel Acciari Anton Slepyshev Christian Fischer 10 1 2 2
5 vs 5 Defense
Defense Defense Time % Phy DF OF
1 Brandon Montour Marco Scandella 40 1 2 2
2 Jamie McBain Marcus Pettersson 30 1 2 2
3 Brent Burns Brett Lernout 20 1 2 2
4 Jamie McBain Brent Burns 10 1 2 2
PowerPlay Forward
Center Left Wing Right Wing Time % Phy DF OF
1 Frederik Gauthier Leon Draisaitl Nikita Kucherov 60 1 2 2
2 Connor McDavid Jason Robertson David Pastrnak 40 1 2 2
PowerPlay Defense
Defense Defense Time % Phy DF OF
1 Jamie McBain Marcus Pettersson 60 1 2 2
2 Marco Scandella Brent Burns 40 1 2 2
Penalty Kill 4 Players Forward
Center Wing Time % Phy DF OF
1 Tyler Johnson Leon Draisaitl 60 1 4 0
2 Frederik Gauthier Jamie Benn 40 1 4 0
Penalty Kill 4 Players Defense
Defense Defense Time % Phy DF OF
1 Jamie McBain Brent Burns 60 0 5 0
2 Marco Scandella Marcus Pettersson 40 0 5 0
Penalty Kill - 3 Players Forward
Forward Time % Phy DF OF
1 Connor McDavid 60 0 5 0
2 Tyler Johnson 40 0 5 0
Penalty Kill - 3 Players Defense
Defense Defense Time % Phy DF OF
1 Jamie McBain Brent Burns 60 0 5 0
2 Marco Scandella Marcus Pettersson 40 0 5 0
4 vs 4 Forward
Center Wing Time % Phy DF OF
1 Connor McDavid Leon Draisaitl 60 1 2 2
2 Tyler Johnson Jamie Benn 40 1 2 2
4 vs 4 Defense
Defense Defense Time % Phy DF OF
1 Jamie McBain Brent Burns 60 1 2 2
2 Marco Scandella Marcus Pettersson 40 1 2 2
Last Minutes Offensive
Center Left Wing Right Wing Defense Defense
Connor McDavid Leon Draisaitl Nikita Kucherov Jamie McBain Brent Burns
Last Minutes Defensive
Center Left Wing Right Wing Defense Defense
Connor McDavid Leon Draisaitl Nikita Kucherov Jamie McBain Brent Burns
Goaltenders
Starting : Alexandar Georgiev
Backup : Jaroslav Halak
Extra Forwards
Normal : Leon Draisaitl, Frederik Gauthier, Jamie Benn - PP : Leon Draisaitl, Frederik Gauthier - PK : Leon Draisaitl
Extra Defensemen
Normal : Marcus Pettersson, Brent Burns, Brett Lernout - PP : Marcus Pettersson - PK : Marcus Pettersson, Brent Burns
Penalty Shots
Connor McDavid, Nikita Kucherov, David Pastrnak, Tyler Johnson, Leon Draisaitl
Custom OT Lines Forwards
Connor McDavid, Nikita Kucherov, David Pastrnak, Tyler Johnson, Leon Draisaitl, Frederik Gauthier, Jamie Benn, Noel Acciari, Anton Slepyshev, Andrew Mangiapane
Custom OT Lines Defensemen
Jamie McBain, Brent Burns, Marco Scandella, Marcus Pettersson, Brandon Montour
Scratches
Philippe Myers (Healthy)
% Time on Ice - Penguins
Lines # - Real PCT - Wanted PCT - Time Play
Normal Forward
1 - 29% - 40% - 15:33
2 - 31% - 30% - 16:53
3 - 20% - 20% - 10:38
4 - 20% - 10% - 10:40
Normal Defense
1 - 43% - 45% - 23:12
2 - 34% - 35% - 18:22
3 - 23% - 20% - 12:10
4 - 0% - 0% - 0:00
PP Forward
1 - 53% - 60% - 2:06
2 - 47% - 40% - 1:52
PP Defense
1 - 58% - 60% - 2:17
2 - 42% - 40% - 1:41
PK Forward
1 - 72% - 60% - 1:01
2 - 28% - 40% - 0:24
PK Defense
1 - 58% - 60% - 0:49
2 - 42% - 40% - 0:36
PK3 Forward
1 - 0% - 60%
2 - 0% - 40%
PK3 Defense
1 - 0% - 60%
2 - 0% - 40%
44 Forward
1 - 0% - 60%
2 - 0% - 40%
44 Defense
1 - 0% - 60%
2 - 0% - 40%
Last Minute Offensive - 0:53
Last Minute Defensive - 0:00
Total
Forward - 60:00
Defense - 60:00
|
% Time on Ice - Oilers
Lines # - Real PCT - Wanted PCT - Time Play
Normal Forward
1 - 32% - 35% - 17:07
2 - 28% - 30% - 15:08
3 - 23% - 25% - 12:24
4 - 17% - 10% - 9:05
Normal Defense
1 - 38% - 40% - 20:41
2 - 30% - 30% - 16:09
3 - 24% - 20% - 12:43
4 - 8% - 10% - 4:11
PP Forward
1 - 48% - 60% - 0:41
2 - 52% - 40% - 0:44
PP Defense
1 - 58% - 60% - 0:49
2 - 42% - 40% - 0:36
PK Forward
1 - 82% - 60% - 3:15
2 - 18% - 40% - 0:43
PK Defense
1 - 58% - 60% - 2:17
2 - 42% - 40% - 1:41
PK3 Forward
1 - 0% - 60%
2 - 0% - 40%
PK3 Defense
1 - 0% - 60%
2 - 0% - 40%
44 Forward
1 - 0% - 60%
2 - 0% - 40%
44 Defense
1 - 0% - 60%
2 - 0% - 40%
Last Minute Offensive - 0:00
Last Minute Defensive - 0:53
Total
Forward - 60:00
Defense - 60:00
|
Play-by-Play
1st period
0:01 of 1st period - Frederik Gauthier wins face-off versus John Tavares in neutral zone.
0:26 of 1st period - Adam Fox is hit by Jason Robertson and loses puck.
0:35 of 1st period - Wrist shot by John Tavares.
0:35 of 1st period - Shot Misses the Net.
1:01 of 1st period - Wrist shot by Mark Scheifele.
1:01 of 1st period - Stopped by Alexandar Georgiev without a rebound.
1:02 of 1st period - Noel Acciari wins face-off versus Sebastian Aho in Oilers zone.
1:07 of 1st period - Sebastian Aho is hit by Marcus Pettersson and loses puck.
1:14 of 1st period - Wrist shot by Christian Fischer.
1:14 of 1st period - Shot Blocked by Nick Blankenburg.
1:16 of 1st period - Snap shot by Marcus Pettersson.
1:16 of 1st period - Stopped by Jeremy Swayman with a rebound.
1:18 of 1st period - Wrist shot by Noel Acciari.
1:18 of 1st period - Shot Misses the Net.
1:28 of 1st period - Nikita Kucherov is hit by Marcus Foligno and loses puck.
1:33 of 1st period - Slapshot by Brandon Tanev.
1:33 of 1st period - Shot Misses the Net.
2:11 of 1st period - Icing by Oscar Klefbom.
2:12 of 1st period - Max Reinhart wins face-off versus Connor McDavid in Penguins zone.
2:38 of 1st period - Frederik Gauthier is hit by Sebastian Aho and loses puck.
2:47 of 1st period - Slapshot by Jakub Voracek.
2:47 of 1st period - Stopped by Alexandar Georgiev without a rebound.
2:48 of 1st period - Connor McDavid wins face-off versus Sebastian Aho in Oilers zone.
4:06 of 1st period - Wrist shot by Christian Fischer.
4:06 of 1st period - Stopped by Jeremy Swayman with a rebound.
4:37 of 1st period - Snap shot by Pavel Zacha.
4:37 of 1st period - Shot Misses the Net.
4:49 of 1st period - Keith Aulie is hit by Leon Draisaitl and loses puck.
5:06 of 1st period - Sam Gagner is hit by Andrew Mangiapane and loses puck.
5:45 of 1st period - Wrist shot by Christian Fischer.
5:45 of 1st period - Shot Misses the Net.
5:47 of 1st period - Slapshot by David Pastrnak.
5:47 of 1st period - Shot Misses the Net.
5:49 of 1st period - Snap shot by Brent Burns.
5:49 of 1st period - Deflect By Connor McDavid.
5:49 of 1st period - Shot Misses the Net.
5:49 of 1st period - Puck is out of play.
5:50 of 1st period - John Tavares wins face-off versus Connor McDavid in Penguins zone.
5:55 of 1st period - Slapshot by Mark Scheifele.
5:55 of 1st period - Stopped by Alexandar Georgiev without a rebound.
5:56 of 1st period - Frederik Gauthier wins face-off versus John Tavares in Oilers zone.
6:55 of 1st period - Wrist shot by David Pastrnak.
6:55 of 1st period - Stopped by Jeremy Swayman with a rebound.
7:16 of 1st period - Slapshot by Nick Leddy.
7:16 of 1st period - Shot Misses the Net.
8:54 of 1st period - Noel Acciari is hit by Adam Fox and loses puck.
9:37 of 1st period - Slapshot by Sam Gagner.
9:37 of 1st period - Deflect By Marcus Foligno.
9:37 of 1st period - Shot Misses the Net.
9:37 of 1st period - Puck is out of play.
9:38 of 1st period - Sam Gagner wins face-off versus Frederik Gauthier in Oilers zone.
9:51 of 1st period - Snap shot by Sam Gagner.
9:51 of 1st period - Stopped by Alexandar Georgiev with a rebound.
9:53 of 1st period - Slapshot by Adam Fox.
9:53 of 1st period - Shot Hit the Post.
10:30 of 1st period - Off-side.
10:31 of 1st period - Tyler Johnson wins face-off versus Sebastian Aho in neutral zone.
11:26 of 1st period - Snap shot by John Tavares.
11:26 of 1st period - Shot Misses the Net.
11:43 of 1st period - Icing by Oscar Klefbom.
11:44 of 1st period - Kirill Kaprizov wins face-off versus Noel Acciari in Penguins zone.
11:48 of 1st period - Off-side.
11:49 of 1st period - Sebastian Aho wins face-off versus Noel Acciari in neutral zone.
12:00 of 1st period - Wrist shot by Jakub Voracek.
12:00 of 1st period - Shot Misses the Net.
12:22 of 1st period - Wrist shot by Noel Acciari.
12:22 of 1st period - Shot Misses the Net.
12:24 of 1st period - Wrist shot by Noel Acciari.
12:24 of 1st period - Stopped by Jeremy Swayman with a rebound.
12:26 of 1st period - Wrist shot by Anton Slepyshev.
12:26 of 1st period - Shot Misses the Net.
12:28 of 1st period - Snap shot by Marco Scandella.
12:28 of 1st period - Stopped by Jeremy Swayman with a rebound.
12:32 of 1st period - Backhand shot by Christian Fischer.
12:32 of 1st period - Shot Blocked by Jakub Voracek.
12:34 of 1st period - Snap shot by Christian Fischer.
12:34 of 1st period - Stopped by Jeremy Swayman without a rebound.
12:35 of 1st period - John Tavares wins face-off versus Frederik Gauthier in Penguins zone.
12:35 of 1st period - John Tavares is hit by Nikita Kucherov.
12:53 of 1st period - Icing by Jamie McBain.
12:54 of 1st period - Sam Gagner wins face-off versus Frederik Gauthier in Oilers zone.
13:09 of 1st period - Snap shot by Brandon Tanev.
13:09 of 1st period - Shot Blocked by Brent Burns.
13:21 of 1st period - Wrist shot by Leon Draisaitl.
13:21 of 1st period - Stopped by Jeremy Swayman without a rebound.
13:22 of 1st period - John Tavares wins face-off versus Connor McDavid in Penguins zone.
13:22 of 1st period - John Tavares is hit by Jamie Benn.
13:32 of 1st period - Snap shot by John Tavares.
13:32 of 1st period - Stopped by Alexandar Georgiev with a rebound.
13:34 of 1st period - Wrist shot by Keith Aulie.
13:34 of 1st period - Stopped by Alexandar Georgiev without a rebound.
13:35 of 1st period - Tyler Johnson wins face-off versus John Tavares in Oilers zone.
14:48 of 1st period - Snap shot by Jason Robertson.
14:48 of 1st period - Stopped by Jeremy Swayman with a rebound.
14:54 of 1st period - Brock Nelson is hit by Andrew Mangiapane and loses puck.
15:18 of 1st period - Minor Penalty to Kirill Kaprizov for Tripping.
15:19 of 1st period - Max Reinhart wins face-off versus Frederik Gauthier in Penguins zone.
16:19 of 1st period - Icing by Marco Scandella.
16:20 of 1st period - John Tavares wins face-off versus Connor McDavid in Oilers zone.
16:23 of 1st period - Slapshot by Brandon Tanev.
16:23 of 1st period - Stopped by Alexandar Georgiev without a rebound.
16:24 of 1st period - Connor McDavid wins face-off versus John Tavares in Oilers zone.
16:39 of 1st period - Snap shot by David Pastrnak.
16:39 of 1st period - Deflect By Connor McDavid.
16:39 of 1st period - Goal by Connor McDavid - Penguins : 0 - Oilers : 1.
16:40 of 1st period - John Tavares wins face-off versus Connor McDavid in neutral zone.
16:45 of 1st period - Connor McDavid is hit by Kirill Kaprizov.
17:29 of 1st period - Tyler Johnson is hit by Marcus Foligno and loses puck.
18:36 of 1st period - Wrist shot by Jason Robertson.
18:36 of 1st period - Stopped by Jeremy Swayman with a rebound.
18:46 of 1st period - Snap shot by Andrew Mangiapane.
18:46 of 1st period - Stopped by Jeremy Swayman without a rebound.
18:47 of 1st period - Sebastian Aho wins face-off versus Frederik Gauthier in Penguins zone.
18:47 of 1st period - Sebastian Aho is hit by Leon Draisaitl.
18:57 of 1st period - Snap shot by Jakub Voracek.
18:57 of 1st period - Goal by Jakub Voracek - Penguins : 1 - Oilers : 1.
18:58 of 1st period - John Tavares wins face-off versus Frederik Gauthier in neutral zone.
19:01 of 1st period - Snap shot by John Tavares.
19:01 of 1st period - Shot Misses the Net.
19:03 of 1st period - Slapshot by John Tavares.
19:03 of 1st period - Stopped by Alexandar Georgiev with a rebound.
19:05 of 1st period - Slapshot by Oscar Klefbom.
19:05 of 1st period - Shot Misses the Net.
19:19 of 1st period - Kirill Kaprizov is hit by Frederik Gauthier and loses puck.
19:33 of 1st period - Oscar Klefbom is hit by Frederik Gauthier and loses puck.
19:48 of 1st period - Brandon Montour is hit by Kirill Kaprizov and loses puck.
19:53 of 1st period - Slapshot by Mark Scheifele.
19:53 of 1st period - Shot Blocked by Marco Scandella.
Goals for this period are 1 for Penguins vs 1 for Oilers.
Shots for this period are 9 for Penguins vs 11 for Oilers.
2nd period
0:01 of 2nd period - Sebastian Aho wins face-off versus Connor McDavid in neutral zone.
0:12 of 2nd period - Wrist shot by Connor McDavid.
0:12 of 2nd period - Stopped by Jeremy Swayman with a rebound.
0:14 of 2nd period - Slapshot by Jamie McBain.
0:14 of 2nd period - Shot Misses the Net.
0:16 of 2nd period - Wrist shot by Connor McDavid.
0:16 of 2nd period - Shot Blocked by Keith Aulie.
0:26 of 2nd period - Andrew Mangiapane is hit by Mark Scheifele and loses puck.
0:31 of 2nd period - Slapshot by Kirill Kaprizov.
0:31 of 2nd period - Deflect By John Tavares.
0:31 of 2nd period - Stopped by Alexandar Georgiev without a rebound.
0:32 of 2nd period - Kirill Kaprizov wins face-off versus Tyler Johnson in Oilers zone.
1:16 of 2nd period - Wrist shot by John Tavares.
1:16 of 2nd period - Deflect By Mark Scheifele.
1:16 of 2nd period - Stopped by Alexandar Georgiev with a rebound.
1:18 of 2nd period - Slapshot by Adam Fox.
1:18 of 2nd period - Deflect By John Tavares.
1:18 of 2nd period - Shot Misses the Net.
1:18 of 2nd period - Puck is out of play.
1:19 of 2nd period - Connor McDavid wins face-off versus Sebastian Aho in Oilers zone.
1:59 of 2nd period - Slapshot by Anton Slepyshev.
1:59 of 2nd period - Stopped by Jeremy Swayman without a rebound.
2:00 of 2nd period - Connor McDavid wins face-off versus Max Reinhart in Penguins zone.
3:37 of 2nd period - Brock Nelson is hit by Noel Acciari.
4:56 of 2nd period - Wrist shot by Anton Slepyshev.
4:56 of 2nd period - Shot Misses the Net.
4:58 of 2nd period - Slapshot by Noel Acciari.
4:58 of 2nd period - Shot Blocked by Max Reinhart.
5:00 of 2nd period - Snap shot by Noel Acciari.
5:00 of 2nd period - Shot Misses the Net.
5:02 of 2nd period - Slapshot by Brandon Montour.
5:02 of 2nd period - Shot Blocked by Max Reinhart.
5:04 of 2nd period - Wrist shot by Marco Scandella.
5:04 of 2nd period - Stopped by Jeremy Swayman with a rebound.
5:06 of 2nd period - Slapshot by Marcus Pettersson.
5:06 of 2nd period - Stopped by Jeremy Swayman with a rebound.
5:16 of 2nd period - Wrist shot by Mathew Barzal.
5:16 of 2nd period - Stopped by Alexandar Georgiev without a rebound.
5:17 of 2nd period - John Tavares wins face-off versus Frederik Gauthier in Oilers zone.
5:20 of 2nd period - Snap shot by John Tavares.
5:20 of 2nd period - Deflect By Kirill Kaprizov.
5:20 of 2nd period - Shot Blocked by Marco Scandella.
5:20 of 2nd period - Puck is out of play.
5:21 of 2nd period - Frederik Gauthier wins face-off versus John Tavares in Oilers zone.
5:26 of 2nd period - Backhand shot by Mark Scheifele.
5:26 of 2nd period - Shot Misses the Net.
5:28 of 2nd period - Snap shot by Kirill Kaprizov.
5:28 of 2nd period - Stopped by Alexandar Georgiev with a rebound.
5:32 of 2nd period - Slapshot by Kirill Kaprizov.
5:32 of 2nd period - Stopped by Alexandar Georgiev with a rebound.
5:38 of 2nd period - Wrist shot by Leon Draisaitl.
5:38 of 2nd period - Deflect By Nikita Kucherov.
5:38 of 2nd period - Shot Misses the Net.
5:38 of 2nd period - Puck is out of play.
5:39 of 2nd period - Connor McDavid wins face-off versus Sebastian Aho in Penguins zone.
6:40 of 2nd period - Snap shot by Mathew Barzal.
6:40 of 2nd period - Stopped by Alexandar Georgiev with a rebound.
7:12 of 2nd period - Snap shot by Leon Draisaitl.
7:12 of 2nd period - Shot Misses the Net.
7:36 of 2nd period - Snap shot by John Tavares.
7:36 of 2nd period - Shot Blocked by Leon Draisaitl.
7:46 of 2nd period - Sebastian Aho is hit by Frederik Gauthier and loses puck.
8:14 of 2nd period - Snap shot by Jamie Benn.
8:14 of 2nd period - Stopped by Jeremy Swayman with a rebound.
8:22 of 2nd period - Snap shot by Connor McDavid.
8:22 of 2nd period - Stopped by Jeremy Swayman without a rebound.
8:23 of 2nd period - Sebastian Aho wins face-off versus Tyler Johnson in Penguins zone.
8:38 of 2nd period - Snap shot by Pavel Zacha.
8:38 of 2nd period - Shot Blocked by Marco Scandella.
8:50 of 2nd period - Mark Scheifele is hit by Marco Scandella and loses puck.
8:56 of 2nd period - Off-side.
8:57 of 2nd period - Connor McDavid wins face-off versus John Tavares in neutral zone.
9:34 of 2nd period - Backhand shot by Tyler Johnson.
9:34 of 2nd period - Shot Misses the Net.
10:09 of 2nd period - Max Reinhart is hit by Jamie Benn and loses puck.
10:10 of 2nd period - Max Reinhart from Penguins is injured at 10:10 of 2nd period (Right Foot).
10:11 of 2nd period - John Tavares wins face-off versus Jamie Benn in Penguins zone.
10:20 of 2nd period - Snap shot by David Pastrnak.
10:20 of 2nd period - Shot Blocked by Mark Scheifele.
10:22 of 2nd period - Wrist shot by Jamie Benn.
10:22 of 2nd period - Shot Misses the Net.
10:24 of 2nd period - Wrist shot by Jamie Benn.
10:24 of 2nd period - Stopped by Jeremy Swayman with a rebound.
10:26 of 2nd period - Snap shot by Jamie Benn.
10:26 of 2nd period - Goal by Jamie Benn - Penguins : 1 - Oilers : 2.
10:27 of 2nd period - Tyler Johnson wins face-off versus Sebastian Aho in neutral zone.
10:36 of 2nd period - Wrist shot by Andrew Mangiapane.
10:36 of 2nd period - Shot Misses the Net.
10:54 of 2nd period - Oscar Klefbom is hit by Brandon Montour and loses puck.
11:13 of 2nd period - Penalty Shot by Adam Fox for Penguins.
11:13 of 2nd period - Wrist shot by Adam Fox.
11:13 of 2nd period - Stopped by Alexandar Georgiev.
11:14 of 2nd period - Sebastian Aho wins face-off versus Frederik Gauthier in Penguins zone.
11:14 of 2nd period - Sebastian Aho is hit by Frederik Gauthier.
11:21 of 2nd period - Minor Penalty to Leon Draisaitl for Holding.
11:22 of 2nd period - John Tavares wins face-off versus Anton Slepyshev in Oilers zone.
12:43 of 2nd period - Jakub Voracek is hit by Marco Scandella and loses puck.
12:58 of 2nd period - John Tavares is hit by Jamie Benn and loses puck.
13:21 of 2nd period - Penalty to Leon Draisaitl is over, Leon Draisaitl is back on ice.
13:43 of 2nd period - Wrist shot by Sam Gagner.
13:43 of 2nd period - Stopped by Alexandar Georgiev without a rebound.
13:44 of 2nd period - Sam Gagner wins face-off versus Noel Acciari in Oilers zone.
14:09 of 2nd period - Brock Nelson is hit by Leon Draisaitl.
14:15 of 2nd period - Slapshot by Gavin Bayreuther.
14:15 of 2nd period - Deflect By Sebastian Aho.
14:15 of 2nd period - Stopped by Alexandar Georgiev without a rebound.
14:16 of 2nd period - John Tavares wins face-off versus Frederik Gauthier in Oilers zone.
15:02 of 2nd period - Adam Fox is hit by Jason Robertson and loses puck.
15:10 of 2nd period - Off-side.
15:11 of 2nd period - Connor McDavid wins face-off versus John Tavares in neutral zone.
15:14 of 2nd period - Mark Scheifele is hit by Connor McDavid and loses puck.
15:53 of 2nd period - Snap shot by Mark Scheifele.
15:53 of 2nd period - Stopped by Alexandar Georgiev without a rebound.
15:54 of 2nd period - Sebastian Aho wins face-off versus Tyler Johnson in Oilers zone.
16:21 of 2nd period - Adam Fox is hit by Nikita Kucherov and loses puck.
16:54 of 2nd period - Wrist shot by Mathew Barzal.
16:54 of 2nd period - Shot Misses the Net.
17:06 of 2nd period - Sebastian Aho is hit by David Pastrnak and loses puck.
17:07 of 2nd period - Sebastian Aho from Penguins is injured at 17:07 of 2nd period (Strained Right Elbow).
17:08 of 2nd period - John Tavares wins face-off versus Tyler Johnson in Penguins zone.
17:22 of 2nd period - Icing by Marco Scandella.
17:23 of 2nd period - John Tavares wins face-off versus Tyler Johnson in Oilers zone.
17:28 of 2nd period - Wrist shot by John Tavares.
17:28 of 2nd period - Stopped by Alexandar Georgiev without a rebound.
17:29 of 2nd period - Frederik Gauthier wins face-off versus John Tavares in Oilers zone.
18:25 of 2nd period - Slapshot by Noel Acciari.
18:25 of 2nd period - Stopped by Jeremy Swayman without a rebound.
18:26 of 2nd period - John Tavares wins face-off versus Nikita Kucherov in Penguins zone.
18:55 of 2nd period - Sam Gagner is hit by Brent Burns and loses puck.
19:28 of 2nd period - Slapshot by Jamie Benn.
19:28 of 2nd period - Shot Blocked by Adam Fox.
19:47 of 2nd period - Snap shot by Christian Fischer.
19:47 of 2nd period - Stopped by Jeremy Swayman with a rebound.
19:49 of 2nd period - Wrist shot by Christian Fischer.
19:49 of 2nd period - Shot Misses the Net.
19:51 of 2nd period - Snap shot by Noel Acciari.
19:51 of 2nd period - Stopped by Jeremy Swayman with a rebound.
Goals for this period are 0 for Penguins vs 1 for Oilers.
Shots for this period are 10 for Penguins vs 11 for Oilers.
3rd period
0:01 of 3rd period - Frederik Gauthier wins face-off versus John Tavares in neutral zone.
0:04 of 3rd period - Slapshot by Nikita Kucherov.
0:04 of 3rd period - Stopped by Jeremy Swayman without a rebound.
0:05 of 3rd period - Frederik Gauthier wins face-off versus John Tavares in Penguins zone.
0:40 of 3rd period - Snap shot by Jakub Voracek.
0:40 of 3rd period - Stopped by Alexandar Georgiev with a rebound.
1:49 of 3rd period - Icing by Pavel Zacha.
1:50 of 3rd period - Tyler Johnson wins face-off versus Sam Gagner in Penguins zone.
1:51 of 3rd period - Wrist shot by Jason Robertson.
1:51 of 3rd period - Stopped by Jeremy Swayman with a rebound.
1:59 of 3rd period - Snap shot by Connor McDavid.
1:59 of 3rd period - Shot Blocked by Jakub Voracek.
2:01 of 3rd period - Snap shot by David Pastrnak.
2:01 of 3rd period - Shot Blocked by Oscar Klefbom.
2:03 of 3rd period - Slapshot by Jamie Benn.
2:03 of 3rd period - Shot Blocked by Oscar Klefbom.
2:05 of 3rd period - Wrist shot by Connor McDavid.
2:05 of 3rd period - Shot Blocked by Adam Fox.
2:07 of 3rd period - Snap shot by Jamie Benn.
2:07 of 3rd period - Shot Misses the Net.
2:24 of 3rd period - Snap shot by Nikita Kucherov.
2:24 of 3rd period - Shot Blocked by Adam Fox.
2:54 of 3rd period - Slapshot by Anton Slepyshev.
2:54 of 3rd period - Stopped by Jeremy Swayman with a rebound.
3:09 of 3rd period - Off-side.
3:10 of 3rd period - Connor McDavid wins face-off versus Sam Gagner in neutral zone.
3:27 of 3rd period - Backhand shot by Connor McDavid.
3:27 of 3rd period - Shot Misses the Net.
3:29 of 3rd period - Slapshot by Brandon Montour.
3:29 of 3rd period - Deflect By David Pastrnak.
3:29 of 3rd period - Shot Blocked by Keith Aulie.
3:29 of 3rd period - Puck is out of play.
3:30 of 3rd period - John Tavares wins face-off versus Frederik Gauthier in Penguins zone.
3:57 of 3rd period - Jason Robertson is hit by Gavin Bayreuther and loses puck.
4:16 of 3rd period - Wrist shot by Sam Gagner.
4:16 of 3rd period - Shot Misses the Net.
4:18 of 3rd period - Slapshot by Gavin Bayreuther.
4:18 of 3rd period - Stopped by Alexandar Georgiev with a rebound.
4:20 of 3rd period - Wrist shot by Marcus Foligno.
4:20 of 3rd period - Shot Misses the Net.
4:47 of 3rd period - Icing by Marco Scandella.
4:48 of 3rd period - Sam Gagner wins face-off versus Noel Acciari in Oilers zone.
4:49 of 3rd period - Snap shot by Jakub Voracek.
4:49 of 3rd period - Shot Misses the Net.
4:51 of 3rd period - Wrist shot by John Tavares.
4:51 of 3rd period - Shot Misses the Net.
5:39 of 3rd period - Marcus Foligno is hit by Nikita Kucherov and loses puck.
7:00 of 3rd period - John Tavares is hit by Anton Slepyshev and loses puck.
7:21 of 3rd period - Brent Burns is hit by Keith Aulie.
7:27 of 3rd period - Keith Aulie is hit by Brett Lernout and loses puck.
10:04 of 3rd period - Jakub Voracek is hit by Brandon Montour and loses puck.
11:02 of 3rd period - Pavel Zacha is hit by Tyler Johnson and loses puck.
11:25 of 3rd period - Gavin Bayreuther is hit by Brett Lernout and loses puck.
11:50 of 3rd period - Mark Scheifele is hit by Connor McDavid and loses puck.
12:03 of 3rd period - Sam Gagner is hit by Leon Draisaitl.
12:27 of 3rd period - John Tavares is hit by Brandon Montour and loses puck.
12:48 of 3rd period - Icing by John Tavares.
12:49 of 3rd period - Connor McDavid wins face-off versus John Tavares in Penguins zone.
13:06 of 3rd period - Slapshot by Marcus Pettersson.
13:06 of 3rd period - Deflect By Mark Scheifele.
13:06 of 3rd period - Stopped by Jeremy Swayman with a rebound.
13:39 of 3rd period - Marco Scandella is hit by Nick Blankenburg and loses puck.
14:34 of 3rd period - Gavin Bayreuther is hit by David Pastrnak and loses puck.
15:33 of 3rd period - Off-side.
15:34 of 3rd period - Connor McDavid wins face-off versus John Tavares in neutral zone.
15:49 of 3rd period - Wrist shot by Jason Robertson.
15:49 of 3rd period - Deflect By Tyler Johnson.
15:49 of 3rd period - Stopped by Jeremy Swayman with a rebound.
15:51 of 3rd period - Snap shot by Andrew Mangiapane.
15:51 of 3rd period - Shot Misses the Net.
16:26 of 3rd period - Minor Penalty to Marco Scandella for Tripping.
16:27 of 3rd period - Tyler Johnson wins face-off versus John Tavares in Oilers zone.
16:50 of 3rd period - Jamie McBain is hit by Kirill Kaprizov and loses puck.
17:05 of 3rd period - Slapshot by Marcus Pettersson.
17:05 of 3rd period - Shot Misses the Net.
17:19 of 3rd period - Brandon Montour is hit by John Tavares and loses puck.
17:30 of 3rd period - Snap shot by Mark Scheifele.
17:30 of 3rd period - Stopped by Alexandar Georgiev without a rebound.
17:31 of 3rd period - Tyler Johnson wins face-off versus Sam Gagner in Oilers zone.
18:26 of 3rd period - Penalty to Marco Scandella is over, Marco Scandella is back on ice.
18:33 of 3rd period - Off-side.
18:34 of 3rd period - Connor McDavid wins face-off versus Brock Nelson in neutral zone.
18:45 of 3rd period - Penguins, Jeremy Swayman is pulled from the net.
18:59 of 3rd period - Snap shot by Brock Nelson.
18:59 of 3rd period - Stopped by Alexandar Georgiev without a rebound.
19:00 of 3rd period - Joel Quenneville call a timeout for Penguins.
19:00 of 3rd period - John Tavares wins face-off versus Connor McDavid in Oilers zone.
19:03 of 3rd period - Wrist shot by Kirill Kaprizov.
19:03 of 3rd period - Shot Misses the Net.
19:05 of 3rd period - Snap shot by Kirill Kaprizov.
19:05 of 3rd period - Shot Blocked by Leon Draisaitl.
19:31 of 3rd period - Backhand shot by Jakub Voracek.
19:31 of 3rd period - Shot Misses the Net.
19:33 of 3rd period - Slapshot by Kirill Kaprizov.
19:33 of 3rd period - Stopped by Alexandar Georgiev without a rebound.
19:34 of 3rd period - John Tavares wins face-off versus Connor McDavid in Oilers zone.
19:37 of 3rd period - Wrist shot by Jakub Voracek.
19:37 of 3rd period - Shot Blocked by Brent Burns.
19:50 of 3rd period - Snap shot by Connor McDavid.
19:50 of 3rd period - Shot Misses the Net.
19:52 of 3rd period - Snap shot by Leon Draisaitl.
19:52 of 3rd period - Goal by Leon Draisaitl - Penguins : 1 - Oilers : 3.
19:52 of 3rd period - Jeremy Swayman from Penguins was sent back in the game.
19:53 of 3rd period - Sam Gagner wins face-off versus Tyler Johnson in neutral zone.
19:55 of 3rd period - Minor Penalty to Brandon Tanev for Roughing.
19:56 of 3rd period - Frederik Gauthier wins face-off versus John Tavares in Penguins zone.
Goals for this period are 0 for Penguins vs 1 for Oilers.
Shots for this period are 5 for Penguins vs 6 for Oilers.